 Dungeon Crawl Stone Soup version 0.28-a0-595-g9f6c0e134a (webtiles) character file.

Game seed: 18276388807105695027

949 lawman0 the Ducker (level 8, 0/61 HPs)
             Began as a Barachi Arcane Marksman on Oct 4, 2021.
             Was an Initiate of Okawaru.
             Succumbed to a scorpion's poison
             ... on level 5 of the Dungeon.
             The game lasted 00:06:57 (5287 turns).

lawman0 the Ducker (Barachi Arcane Marksman)        Turns: 5287, Time: 00:06:58

Health: 0/61       AC:  4    Str: 11    XL:     8   Next: 13%
Magic:  20/22      EV: 14    Int: 16    God:    Okawaru [......]
Gold:   215        SH:  0    Dex: 13    Spells: 6/14 levels left

rFire   . . .      SeeInvis .   a - +0 hand crossbow
rCold   + . .      Faith    .   (no shield)
rNeg    . . .      Spirit   .   d - +0 robe
rPois   .          Reflect  .   (no helmet)
rElec   .          Harm     .   h - +0 cloak
rCorr   .          Rampage  .   n - +0 pair of gloves
Will    .....                   (no boots)
Stlth   ++........              (no amulet)
HPRegen 0.20/turn               m - ring of magical power
MPRegen 0.18/turn               r - ring of protection from cold

@: lethally poisoned (0 -> -10), unable to hop, slow
A: amphibious, slowness 1, strong legs 1, +LOS
a: Hop, Renounce Religion


You were on level 5 of the Dungeon.
You worshipped Okawaru.
Okawaru was noncommittal.
You visited 2 branches of the dungeon, and saw 6 of its levels.

You collected 215 gold pieces.

Inventory:

Hand Weapons
 a - a +0 hand crossbow (weapon)
 b - a +2 dagger of protection
 w - the +6 mace of Subterfuge {freeze, Fly rF+ Str+2 Dex-5}
   (You found it on level 4 of the Dungeon)

   It freezes those it strikes, dealing additional cold damage.
   It can also slow down cold-blooded creatures.
   Str:       It affects your strength (+2).
   Dex:       It affects your dexterity (-5).
   rF:        It protects you from fire.
   Fly:       It grants you flight.
Missiles
 c - 11 bolts (quivered ammo)
Armour
 d - a +0 robe (worn)
 h - a +0 cloak (worn)
 n - a +0 pair of gloves (worn)
Jewellery
 m - a ring of magical power (left hand)
 r - a ring of protection from cold (right hand)
 s - a ring of fire
 u - an amulet of faith
Scrolls
 f - 4 scrolls of enchant armour {unknown}
 i - a scroll of silence
 j - a scroll of noise
 k - 2 scrolls of teleportation {unknown}
 l - a scroll of immolation {unknown}
 q - a scroll of blinking {unknown}
 x - 2 scrolls of fear {unknown}
 y - a scroll of torment {unknown}
Potions
 e - 3 potions of curing {unknown}
 g - 2 potions of degeneration {unknown}
 o - 2 potions of flight {unknown}
 p - a potion of mutation {unknown}
 t - 2 potions of might {unknown}
 v - 2 potions of heal wounds {unknown}


   Skills:
 + Level 4.3 Fighting
 + Level 4.2 Crossbows
 + Level 5.4 Dodging
 + Level 2.6 Stealth
 * Level 3.9 Spellcasting
 + Level 4.0 Hexes
 + Level 0.2 Fire Magic
 + Level 1.7 Evocations


You had 6 spell levels left.
You knew the following spells:

 Your Spells              Type           Power      Damage    Failure   Level
a - Slow                  Hex            16%        N/A       4%          2
b - Inner Flame           Hex/Fire       9%         N/A       22%         3
c - Portal Projectile     Hex/Tloc       18%        N/A       22%         3

Your spell library contained the following spells:

 Spells                   Type           Power      Damage    Failure   Level
 Cause Fear               Hex            8%         N/A       32%         4


Dungeon Overview and Level Annotations

Branches:
Dungeon (5/15)             Temple (1/1) D:5

Altars:
Ashenzari
Cheibriados
Dithmenos
Elyvilon
Fedhas
Gozag
Hepliaklqana
Kikubaaqudgha
Makhleb
Nemelex Xobeh
Okawaru
Qazlal
Trog
Vehumet
Wu Jian
Xom
Yredelemnul
The Shining One

Annotations:
D:3 3 runed translucent doors, blank1's ghost, amateur MiFi
D:4 1 runed translucent door, Crazy Yiuf


Innate Abilities, Weirdness & Mutations

You are amphibious.
You cover ground slowly.
You can hop short distances.
You have an extended range of vision and can be seen from far away.


Message History

You shoot a bolt. The bolt barely misses the scorpion.
You feel sick.
You are no longer poisoned.
The scorpion stings you.
You are poisoned.
The scorpion poisons you! The scorpion closely misses you.
Fire: 15 bolts
Press: ? - help, Q - select action, (/) - cycle Shift-Dir - straight line, f/p - scorpion
Aim: a scorpion (lightly wounded, 65% to hit)
You shoot a bolt. The bolt hits the scorpion!
The scorpion is heavily wounded.
You feel very sick. The scorpion barely misses you.
Fire: 14 bolts
Press: ? - help, Q - select action, (/) - cycle Shift-Dir - straight line, f/p - scorpion
Aim: a scorpion (heavily wounded, 65% to hit)
You shoot a bolt. The bolt hits the scorpion!
The scorpion is almost dead.
You feel sick. The scorpion stings you.
* * * LOW HITPOINT WARNING * * *
The scorpion stings you!
* * * LOW HITPOINT WARNING * * *
You are lethally poisoned!
The scorpion poisons you!
Fire: 13 bolts
Press: ? - help, Q - select action, (/) - cycle Shift-Dir - straight line, f/p - scorpion
Aim: a scorpion (almost dead, 65% to hit)
You shoot a bolt.
The bolt hits the scorpion but does no damage.
The scorpion is almost dead.
* * * LOW HITPOINT WARNING * * *
You feel very sick. The scorpion misses you.
Fire: 12 bolts
Press: ? - help, Q - select action, (/) - cycle Shift-Dir - straight line, f/p - scorpion
Aim: a scorpion (almost dead, 65% to hit)
You shoot a bolt. The bolt hits the scorpion.
You kill the scorpion!
Okawaru accepts your kill.
You die...

. #.....# #.
#.##..# .# #......
.. ###..#### #.
##....# #..
##..#.## #.###
###..##.#
#...####...###.#
#@(.(.(### #..
###......# ##.
.....(..####....#.#
###...... .......
###..### ###... ##h
.. .. . ###


There were no monsters in sight!

Vanquished Creatures
  Eustachio (D:5)
  Menkaure (D:4)
  A sky beast (D:4)
  A black bear (D:4)
  2 necrophages
  A scorpion (D:5)
  A hound (D:2)
  A bullfrog skeleton (D:5)
  2 orc priests (D:4)
  2 iguanas
  A scorpion zombie (D:5)
  A hound zombie (D:5)
  A hound skeleton (D:5)
  3 adders
  2 worms (D:2)
  2 dart slugs
  5 orcs
  6 endoplasms
  4 giant cockroaches
  11 hobgoblins
  3 jackals (D:4)
  3 kobolds
  4 quokkas
  6 ball pythons
  9 bats
  5 frilled lizards
  7 goblins
  9 rats
95 creatures vanquished.

Notes
Turn   | Place    | Note
-------+----------+-------------------------------------------
     0 | D:1      | lawman0 the Barachi Arcane Marksman began the quest for the
                  | Orb.
     0 | D:1      | Reached XP level 1. HP: 15/15 MP: 2/2
    83 | D:1      | Reached XP level 2. HP: 18/21 MP: 3/3
    86 | D:1      | Learned a level 2 spell: Slow
   310 | D:1      | Noticed a great orb of eyes
   362 | D:1      | Noticed an eye of devastation
   366 | D:1      | Found a faded altar of an unknown god.
   366 | D:1      | Noticed an eye of devastation
   376 | D:1      | Noticed a golden eye
   616 | D:1      | Reached XP level 3. HP: 26/26 MP: 4/4
  1720 | D:2      | Reached XP level 4. HP: 27/33 MP: 6/6
  2581 | D:3      | Reached XP level 5. HP: 33/38 MP: 7/7
  2951 | D:3      | Found a blossoming altar of Fedhas.
  3019 | D:3      | Found a runed translucent gate.
  3019 | D:3      | Noticed blank1's ghost (amateur MiFi)
  3019 | D:3      | Noticed a kobold brigand
  3020 | D:3      | Found a runed translucent gate.
  3020 | D:3      | Found a runed translucent gate.
  3139 | D:3      | Found a broken altar of Ashenzari.
  3190 | D:3      | Found a shadowy altar of Dithmenos.
  3375 | D:3      | Found an ornate altar of the Wu Jian Council.
  3611 | D:4      | Noticed a sky beast
  3623 | D:4      | Killed a sky beast
  3624 | D:4      | Reached skill level 3 in Dodging
  3624 | D:4      | Reached skill level 1 in Stealth
  3648 | D:4      | Reached XP level 6. HP: 16/46 MP: 9/9
  3847 | D:4      | Learned a level 3 spell: Inner Flame
  3851 | D:4      | Learned a level 3 spell: Portal Projectile
  4086 | D:4      | Noticed Menkaure
  4098 | D:4      | Noticed a black bear
  4109 | D:4      | Killed a black bear
  4110 | D:4      | Reached skill level 4 in Dodging
  4120 | D:4      | Killed Menkaure
  4121 | D:4      | Reached skill level 1 in Evocations
  4121 | D:4      | Reached XP level 7. HP: 52/52 MP: 11/11
  4232 | D:4      | Found a runed translucent door.
  4233 | D:4      | Identified the +6 mace of Subterfuge {freeze, Fly rF+ Str+2
                  | Dex-5}
  4233 | D:4      | Noticed Crazy Yiuf
  4906 | D:5      | Entered Level 5 of the Dungeon
  4991 | D:5      | Found a staircase to the Ecumenical Temple.
  5016 | D:5      | Reached skill level 5 in Dodging
  5017 | D:5      | Noticed Eustachio
  5021 | Temple   | Entered the Ecumenical Temple
  5029 | Temple   | Became a worshipper of Warmaster Okawaru
  5155 | D:5      | Killed Eustachio
  5156 | D:5      | Reached XP level 8. HP: 47/60 MP: 13/13
  5286 | D:5      | HP: 2/61 [poisoned by a scorpion]
  5287 | D:5      | Succumbed to a scorpion's poison

Illustrated notes

Levels and vault maps discovered:
D:1:      sevenhm_arrival_forest_fort_large_1, layout_loops_ring,
          hellmonk_ecumenical_altar_watching_god
D:2:      layout_loops_ring
D:3:      layout_loops_corners, nicolae_overflow_hidden_temple,
          ashenzari_altar_1, mainiacjoe_overflow_cross_hatched,
          mainiacjoe_overflow_alcove_1, gammafunk_ghost_nasty_kobolds
D:4:      layout_basic, chequers_arboretum, minmay_misc_feat_square,
          uniq_crazy_yiuf_cottage, uniq_menkaure
D:5:      layout_rooms, minmay_temple_entry_mini_moons, grunt_decor_clamped,
          uniq_eustachio
Temple:   eino_temple_lava

Skill      XL: |  1  2  3  4  5  6  7 |
---------------+----------------------+-----
Crossbows      | 3 4 |  4.2
Fighting       | 2 3 4 |  4.3
Spellcasting   | 2 3 |  3.9
Dodging        | 3 4 5 |  5.4
Stealth        | 1 2 |  2.6
Evocations     | 1 |  1.7
Hexes          | 4 |  4.0
Fire Magic     | |  0.2

Action                   |  1- 3 |  4- 6 |  7- 9 || total
-------------------------+-------+-------+-------++-------
Melee: Dagger            |    33 |   164 |   140 ||   337
 Fire: Hand crossbow     |   102 |     3 |    13 ||   118
 Cast: Slow              |     3 |     1 |     2 ||     6
       Inner Flame       |       |       |     3 ||     3
 Abil: Hop               |       |       |     2 ||     2
Evoke: Wand              |       |    10 |     1 ||    11
  Use: Scroll            |       |     2 |       ||     2
 Stab: Sleeping          |       |     4 |     1 ||     5
Armor: Robe              |    24 |    64 |    43 ||   131
Dodge: Dodged            |    25 |   103 |   110 ||   238

Table legend: (Time is in decaauts)
 A = Elapsed time spent in this place.
 B = Non-inter-level travel time spent in this place.
 C = Inter-level travel time spent in this place.
 D = Time resting spent in this place.
 E = Time spent auto-exploring this place.
 F = Levels seen in this place.
 G = Mean time per level.
                   A        B        C        D        E       F      G
               +--------+--------+--------+--------+--------+-----+--------+
         Total |   5938 |   5736 |    202 |    844 |   3804 |   6 |  989.7 |
       Dungeon |   5918 |   5716 |    202 |    844 |   3804 |   5 | 1183.6 |
        Temple |     19 |     19 |      0 |      0 |      0 |   1 |   19.0 |
               +--------+--------+--------+--------+--------+-----+--------+

Top non-repeatable levels by time:
     D:1: 1536 daAuts
     D:4: 1449 daAuts
     D:3: 1405 daAuts
     D:2: 1135 daAuts
     D:5: 391 daAuts
  Temple: 19 daAuts
